 Dungeon Crawl Stone Soup version 0.20.1-1-g8b1a95d (webtiles) character file.

5927 KoningWillie the Carver (level 10, -1/84 HPs)
             Began as a Centaur Fighter on Sept 6, 2017.
             Slain by a sun demon (13 damage)
             ... summoned by a kobold demonologist
             ... on level 11 of the Dungeon on Sept 8, 2017.
             The game lasted 00:44:22 (16194 turns).

KoningWillie the Carver (Centaur Fighter)          Turns: 16194, Time: 00:44:23

Health: -1/84      AC:  1    Str: 27    XL:     10   Next: 54%
Magic:  1/1        EV:  9    Int:  7    God:
Gold:   258        SH:  0    Dex: 12    Spells: 9/9 levels left

rFire    . . .     SeeInvis +   s - +0 great sword
rCold    . . .     Gourm    .   (shield currently unavailable)
rNeg     . . .     Faith    .   b - +0 scale mail
rPois    +         Spirit   .   H - +2 hat
rElec    +         Reflect  .   (no cloak)
rCorr    .         Harm     .   (no gloves)
MR       .....     NoTele   +   (no barding)
Stlth    ..........             (no amulet)
Regen    0.3/turn               o - ring of see invisible
MPRegen  0.1/turn               I - ring "Foojuy" {-Tele rPois MP-9 Str+6 Dex+2}

@: corroded, very quick
A: hooves 3, horns 1, deformed body, speed 2, electricity resistance, tough skin
3
a: no special abilities


You were on level 11 of the Dungeon.
You were full.

You visited 1 branch of the dungeon, and saw 11 of its levels.

You collected 478 gold pieces.
You spent 220 gold pieces at shops.

Inventory:

Hand Weapons
 a - a +0 long sword
 s - a +0 great sword (weapon)
Armour
 b - a +0 scale mail (worn)
 c - a +0 shield
 H - a +2 hat (worn)
Jewellery
 o - a ring of see invisible (left hand)
 q - an uncursed ring of wizardry
 w - a cursed ring of loudness {unknown}
 I - the ring "Foojuy" (right hand) {-Tele rPois MP-9 Str+6 Dex+2}
   (You bought it in a shop on level 7 of the Dungeon)

   [ring of poison resistance]

   It affects your strength (+6).
   It affects your dexterity (+2).
   It protects you from poison.
   It affects your magic capacity (-9).
   It prevents most forms of teleportation.
 O - an uncursed ring of see invisible
 R - a +4 ring of evasion {unknown}
Wands
 x - a wand of flame (34/48)
 A - a wand of lightning (11/15)
 E - a wand of paralysis (7/24)
 P - a wand of random effects (31/48)
Scrolls
 e - 2 scrolls of identify
 g - a scroll of random uselessness
 h - 2 scrolls of noise
 i - 7 scrolls of remove curse
 j - 2 scrolls of teleportation
 k - 2 scrolls of fog
 n - 2 scrolls of recharging
 r - 6 scrolls of amnesia
 t - a scroll of magic mapping
 J - a scroll of enchant weapon {unknown}
 M - a scroll of blinking
Potions
 d - 4 potions of might
 l - 2 potions of degeneration
 m - 4 potions of haste
 p - 2 potions of flight
 u - a potion of lignification
 z - a potion of magic
 C - a potion of ambrosia
 F - a potion of brilliance
 G - 3 potions of agility
 Q - a potion of cancellation {unknown}
Books
 v - a book of Changes

   Spells                             Type                      Level
   a - Beastly Appendage              Transmutation                1
   b - Sticks to Snakes               Transmutation                2
   c - Spider Form                    Transmutation/Poison         3
   d - Ice Form                       Ice/Transmutation            4
   e - Blade Hands                    Transmutation                5
 L - a book of Power

   Spells                             Type                      Level
   a - Iskenderun's Battlesphere      Conjuration/Charms           5
   b - Venom Bolt                     Conjuration/Poison           5
   c - Bolt of Magma                  Conjuration/Fire/Earth       5
   d - Iron Shot                      Conjuration/Earth            6
   e - Orb of Destruction             Conjuration                  7
   f - Spellforged Servitor           Conjuration/Summoning        7
Comestibles
 f - 3 bread rations
 B - 13 fruits
 N - 8 royal jellies


   Skills:
 + Level 6.4 Fighting
 * Level 9.4 Long Blades
 + Level 6.2 Armour
 + Level 2.8 Dodging
 + Level 0.7 Stealth
 - Level 5.5 Shields


You had 9 spell levels left.
You didn't know any spells.

Dungeon Overview and Level Annotations

Branches:
Dungeon (11/15)            Temple (0/1) D:6             Orc (0/2) D:10
   Lair: D:8-11

Altars:
Cheibriados
Dithmenos
Fedhas
Gozag
Nemelex Xobeh
Qazlal
Sif Muna
Trog
Uskayaw
Vehumet
Yredelemnul
Zin
The Shining One

Shops:
D:7 =:   D:11 [


Innate Abilities, Weirdness & Mutations

You have hooves in place of feet.
Armour fits poorly on your strangely shaped body.
You cover ground very quickly.
You have extremely tough skin. (AC +3)
You have a pair of small horns on your head.
You are resistant to electric shocks. (rElec)


Message History

The kobold demonologist is severely wounded.
The sun demon hits you.
You are engulfed in flames!
The kobold demonologist casts a spell.
The sun demon hits you!
You are engulfed in flames!!
* * * LOW HITPOINT WARNING * * *
You closely miss the rust devil. You kick the rust devil!
You headbutt the rust devil, but do no damage.
The rust devil is moderately wounded.
The kobold demonologist hits you but does no damage.
The sun demon hits you but does no damage.
The rust devil hits you!
* * * LOW HITPOINT WARNING * * *
The rust devil corrodes you!
The ynoxinul gestures.
You feel better. The rust devil hits you.
* * * LOW HITPOINT WARNING * * *
The rust devil corrodes you! The sun demon hits you.
* * * LOW HITPOINT WARNING * * *
You are engulfed in flames!
You die...

..............####.# #.# #.# #.#
*(###...####### #.# #.###.###.#
*,* #..## #.# #.........#
*,**#..* #.# #####.##### ,,,....*
####.#### #.# *,####'#* #.......#
#.# *,*##...## #.......# #.#
,,##.O...## #......)# #.####
*##.).....## #.@.....# #)##.##
*#.......55####K43....#####.#...#
,+.......K53.5K..................
*#.......K5####.......###.......#
*#(......## ##...#### #.#.#..##
##.....## ##.## #.#...## ##...##
#.# #.##.(# ##'## #.# #.....# *
#.# #.# ####.####


You could see a sun demon, a rust devil, a kobold demonologist, a big kobold and
an ufetubus.

Vanquished Creatures
  Pikel (D:4)
  A gargoyle (D:11)
  A centaur skeleton (D:11)
  A hungry ghost (D:9)
  Menkaure (D:7)
  A water moccasin (D:9)
  2 ice beasts
  A necrophage (D:11)
  3 sky beasts
  6 ogres
  3 phantoms
  4 centaurs
  8 bullfrogs
  A gnoll sergeant (D:5)
  2 scorpions
  A wyvern skeleton (D:11)
  11 killer bees
  3 wights (D:6)
  5 howler monkeys
  3 bullfrog zombies
  2 hounds
  4 jellies
  An orc priest (D:5)
  4 orc wizards
  2 bullfrog skeletons
  An iguana (D:5)
  Natasha (thrice) (D:4)
  11 worker ants
  2 hound zombies
  Robin (D:4)
  22 adders
  14 gnolls
  6 shadow imps
  3 oozes
  4 worms
  2 dart slugs
  11 leopard geckos
  40 orcs
  5 bats
  8 giant cockroaches
  10 hobgoblins
  11 jackals
  11 kobolds
  5 quokkas
  2 ball pythons
  6 frilled lizards
  29 goblins
  A jackal skeleton (D:7)
  6 rats
286 creatures vanquished.

Vanquished Creatures (others)
  A worker ant (D:4)
  A hound skeleton (D:4)
  An adder (D:4)
3 creatures vanquished.

Grand Total: 289 creatures vanquished

Notes
Turn   | Place    | Note
-------+----------+-------------------------------------------
     0 | D:1      | KoningWillie the Centaur Fighter began the quest for the Orb.
     0 | D:1      | Reached XP level 1. HP: 19/19 MP: 1/1
   121 | D:1      | Reached XP level 2. HP: 14/26 MP: 2/2
   430 | D:1      | Reached skill level 2 in Long Blades
   875 | D:2      | Reached XP level 3. HP: 23/31 MP: 3/3
  1694 | D:2      | Reached XP level 4. HP: 40/40 MP: 4/4
  2906 | D:2      | Found a basalt altar of Yredelemnul.
  3117 | D:3      | Noticed a centaur
  3368 | D:3      | Found a deep blue altar of Sif Muna.
  3622 | D:4      | Reached XP level 5. HP: 41/46 MP: 5/5
  3681 | D:4      | Found a stormy altar of Qazlal.
  3704 | D:4      | Noticed a centaur
  3706 | D:4      | Reached skill level 3 in Long Blades
  3721 | D:4      | Killed a centaur
  4076 | D:4      | Noticed Natasha
  4093 | D:4      | Killed Natasha
  4290 | D:4      | Reached XP level 6. HP: 48/52 MP: 6/6
  4386 | D:4      | Noticed Natasha
  4389 | D:4      | Found a blossoming altar of Fedhas.
  4393 | D:4      | Killed Natasha
  4503 | D:4      | Found an opulent altar of Gozag.
  4749 | D:4      | Noticed a slave
  4752 | D:4      | Noticed Pikel
  4753 | D:4      | Noticed a slave
  4756 | D:4      | Noticed a slave
  4759 | D:4      | Killed Pikel
  4759 | D:4      | Reached skill level 4 in Long Blades
  4759 | D:4      | Reached skill level 1 in Dodging
  4759 | D:4      | Reached XP level 7. HP: 47/60 MP: 7/7
  4951 | D:4      | Noticed Natasha
  4958 | D:4      | Killed Natasha
  5351 | D:4      | Noticed Robin
  5391 | D:4      | Killed Robin
  5876 | D:5      | Entered Level 5 of the Dungeon
  6330 | D:5      | Reached skill level 5 in Long Blades
  6385 | D:5      | Reached XP level 8. HP: 63/67 MP: 8/8
  6665 | D:5      | Found a bloodstained altar of Trog.
  8282 | D:6      | Found a snail-covered altar of Cheibriados.
  8454 | D:6      | Gained mutation: You are resistant to electric shocks. (rElec) [potion of mutation]
  8454 | D:6      | Gained mutation: You have a pair of small horns on your head. [potion of mutation]
  8516 | D:6      | Reached skill level 5 in Fighting
  8759 | D:6      | Found a bloodstained altar of Trog.
  8788 | D:6      | Reached skill level 6 in Long Blades
  8815 | D:6      | Found a shadowy altar of Dithmenos.
  8819 | D:6      | HP: 3/68 [worker ant (6)]
  9049 | D:6      | Reached skill level 5 in Armour
  9541 | D:6      | Found a staircase to the Ecumenical Temple.
  9553 | D:6      | Reached XP level 9. HP: 74/74 MP: 9/9
 10833 | D:6      | Found a glowing golden altar of the Shining One.
 11359 | D:7      | Reached skill level 7 in Long Blades
 11725 | D:7      | Found a glowing silver altar of Zin.
 11728 | D:7      | Noticed Menkaure
 11744 | D:7      | Killed Menkaure
 12195 | D:7      | Found Ivian's Jewellery Shop.
 12204 | D:7      | Bought the ring "Foojuy" {-Tele rPois MP-9 Str+6 Dex+2} for 220 gold pieces
 12395 | D:7      | Found Runn's Book Boutique.
 13002 | D:8      | Reached skill level 5 in Shields
 13546 | D:8      | Noticed a queen bee
 13718 | D:9      | Reached skill level 8 in Long Blades
 13880 | D:9      | Reached XP level 10. HP: 80/83 MP: 1/10
 13906 | D:9      | Found a hide-covered altar of Uskayaw.
 14393 | D:9      | Found a sparkling altar of Nemelex Xobeh.
 14393 | D:9      | Found a radiant altar of Vehumet.
 14678 | D:10     | Entered Level 10 of the Dungeon
 14994 | D:10     | Found a staircase to the Orcish Mines.
 15013 | D:10     | HP: 3/83 [orc warrior/glaive (21)]
 15559 | D:11     | Noticed a gargoyle
 15572 | D:11     | Killed a gargoyle
 15572 | D:11     | Reached skill level 9 in Long Blades
 15737 | D:11     | Found Ilat's Antique Armour Boutique.
 16156 | D:11     | Noticed a two-headed ogre
 16188 | D:11     | Noticed a sun demon
 16191 | D:11     | Noticed a rust devil
 16194 | D:11     | Slain by a sun demon

Skill      XL: |  1  2  3  4  5  6  7  8  9 10 |
---------------+-------------------------------+-----
Long Blades    | 2 3 4 5 6 8 9 |  9.4
Fighting       | 4 5 6 |  6.4
Armour         | 3 4 5 6 |  6.2
Shields        | 3 4 5 |  5.5
Dodging        | 1 2 |  2.8
Stealth        | |  0.7

Action                   |  1- 3 |  4- 6 |  7- 9 | 10-12 || total
-------------------------+-------+-------+-------+-------++-------
Melee: Long sword        |    97 |   135 |   521 |    61 ||   814
       Kick              |    19 |    33 |   134 |    64 ||   250
       Headbutt          |       |       |    45 |    27 ||    72
       Great sword       |       |       |       |    85 ||    85
  Use: Scroll            |       |     4 |    11 |     3 ||    18
       Potion            |       |       |     9 |     2 ||    11
  Eat: Meat ration       |     1 |     1 |     2 |       ||     4
       Bread ration      |       |     1 |     3 |     2 ||     6
       Royal jelly       |       |       |       |     3 ||     3
Armor: Scale mail        |    62 |    47 |   181 |    65 ||   355
       Skin              |       |       |     7 |       ||     7
Dodge: Dodged            |    36 |    36 |   121 |    41 ||   234
Block: Shield            |    44 |    62 |   286 |    32 ||   424
       Rpst.: Long sword |    14 |    16 |    37 |     4 ||    71
       Great sword       |       |       |       |     8 ||     8
